[Event "44th Chess Olympiad Open 2022"]
[Site "Chennai"]
[Date "2022.07.30"]
[Round "2.58"]
[White "Jallow, Jalamang"]
[Black "Rakotomaharavo, Dylan"]
[Result "0-1"]
[ECO "D02"]
[WhiteElo "1572"]
[BlackElo "1948"]
[Annotator "TA"]
[PlyCount "130"]
[EventDate "2022.07.29"]
[EventType "team-tourn"]
[EventCountry "IND"]
[SourceTitle "playchess.com"]
[Source "ChessBase"]
[SourceQuality "1"]
[WhiteTeam "Gambia"]
[BlackTeam "Madagascar"]
[WhiteTeamCountry "GAM"]
[BlackTeamCountry "MAD"]
[TimeControl "40/5400+30:1800+30"]

1. d4 d5 2. Nf3 Nf6 3. g3 e6 4. Bg2 c5 5. e3 Nc6 6. c3 {[%emt 0:01:40] D02: 1 d4 d5 2 Nf3 sidelines, including 2...Nf6 3 g3 and 2...Nf6 3 Bf4.} Bd6 7. Nbd2 O-O {[%emt 0:00:12] [#]} 8. Nb3 $146 {[%emt 0:01:02] The position is equal.} ({Predecessor:} 8. O-O b6 9. Re1 Ne4 10. Nxe4 dxe4 11. Nd2 f5 12. b3 Ba6 13. Bb2 Rc8 14. dxc5 Bxc5 {1-0 (34) Belenkaya,D (2254)-Silva,M (1912) Chess.com INT 2022}) 8... b6 9. Bd2 (9. O-O $15) 9... Ba6 10. Nc1 Re8 11. Ne2 e5 (11... Rc8 $17 12. O-O h6) 12. dxe5 $15 Bxe5 13. O-O Rc8 (13... Ne4 {is interesting.} 14. Re1 Rc8 15. Nf4 g5) 14. Re1 Bb8 (14... Ne4 {seems wilder.} 15. Bc1 g5 16. Qa4 Bd3) 15. Qc2 d4 (15... Ne4 $17 16. Qa4 Bb7) 16. Qa4 Bxe2 17. Rxe2 d3 18. Ree1 Ne4 $36 {[%emt 0:02:10][%mdl 2048] Black has good play.} 19. a3 (19. Red1 $11) 19... c4 (19... Qf6 $17 {...g5 is the strong threat.} 20. Red1 Na5) 20. Qd1 (20. Qxc4 $11 {was the only way to keep the balance.} Na5 21. Qa2) 20... Qf6 {[%emt 0:00:39] Strongly threatening ...Na5.} 21. Rf1 Na5 {[%emt 0:00:25] Pair of Knights!} 22. Nd4 {[%emt 0:00:31] Against Nb3} Nc5 23. Rb1 Ncb3 24. Kh1 Be5 25. Kg1 g6 (25... Rcd8 $142 26. Re1 Bc7) 26. Kh1 (26. Nxb3 $142 Nxb3 27. Bd5) 26... Rc5 ({Black should play} 26... Rcd8 27. Nxb3 Nxb3) 27. Nf3 Qd6 (27... Bd6 $142 28. Nd4 Rc7) 28. Nd4 (28. e4 $17 {was called for.}) 28... f5 $19 ({Stronger than} 28... Bxd4 29. exd4 Rcc8 30. Be3 $11) 29. Kg1 a6 30. Kh1 Rc7 31. Kg1 Bxd4 (31... b5 $19 32. h4 Nc5) 32. cxd4 Nxd2 {[%emt 0:00:06] 0x0.0020aec829a2dp-1022s more active pieces. The white rooks are badly placed.} 33. Qxd2 Nb3 34. Qc3 b5 35. Rbd1 Kg7 36. Rxd3 cxd3 37. Qxb3 d2 38. Qd1 {[%emt 0:01:31] [#]} (38. Bf3 $17) 38... Rc1 $2 ({Better is} 38... Rec8 $1 $19 {Hoping for ...Rc2.} 39. Qxd2 Rc2) 39. Qxd2 $11 Rxf1+ 40. Bxf1 {[%emt 0:01:01][%mdl 4096] Endgame KQR-KQB} Rc8 41. h4 Qc6 42. d5 Qd6 43. Bg2 Rc4 44. Kh2 (44. Bf3 $11) 44... Rxh4+ $1 $17 45. Kg1 Rc4 {[%emt 0:00:07] Against Qc3+} 46. Bf1 {[%emt 0:02:20] Black continues to play with concentration.} Rc7 47. b4 (47. b3 $17) 47... Qe5 $19 48. Kh2 h5 {[%emt 0:00:12][%cal Bh7h5,Bh5h4][%mdl 32] And now ...h4 would win.} 49. f4 $2 (49. Kg2 {is tougher.}) 49... Qf6 50. Bg2 h4 51. g4 $2 (51. gxh4 Qxh4+ 52. Kg1) 51... fxg4 52. e4 Rf7 53. e5 Qxf4+ 54. Qxf4 Rxf4 {[%emt 0:00:08] KR-KB} 55. d6 Rd4 (55... Rf2 $142 56. Kg1 Rd2) 56. Bb7 Rd2+ 57. Kg1 h3 58. Bc8 Kf8 (58... h2+ $142 59. Kh1 g3 60. Bg4 Ra2 61. Bd1 Ra1 62. Kg2 Rxd1 63. Kxg3 h1=Q 64. Kf2 Qf1+ 65. Kg3 Rd3+ 66. Kg4 Qh3+ 67. Kg5 Qg3#) 59. Kh1 g3 {[%emt 0:00:08][%cal Rd2d1] [#]} 60. Bg4 {[%emt 0:03:39] Inhibits Rd1+.} Rc2 61. Bxh3 Rh2+ 62. Kg1 Rxh3 63. Kg2 Rh5 {[%emt 0:00:04] ( -> ...Rg5)} 64. e6 Rd5 (64... Rg5 $142 65. a4 bxa4 66. e7+ Ke8 67. d7+ Kxd7 68. e8=R Kxe8 69. b5 axb5 70. Kf3 g2 71. Kf4 g1=Q 72. Ke4 Qg3 73. Kd4 a3 74. Ke4 Re5+ 75. Kd4 Qe3#) 65. d7 Ke7 {[%emt 0:00:07] Weighted Error Value: White=0.79/Black=0.42} 0-1

[Event "44th Chess Olympiad Open 2022"]
[Site "Chennai"]
[Date "2022.07.30"]
[Round "2.59"]
[White "Rocha, Maximiliano"]
[Black "Drayton, Anthony"]
[Result "1-0"]
[ECO "C06"]
[WhiteElo "2117"]
[BlackElo "1928"]
[Annotator "TA"]
[PlyCount "83"]
[EventDate "2022.07.29"]
[EventType "team-tourn"]
[EventCountry "IND"]
[SourceTitle "playchess.com"]
[Source "ChessBase"]
[SourceQuality "1"]
[WhiteTeam "Nicaragua"]
[BlackTeam "Guyana"]
[WhiteTeamCountry "NCA"]
[BlackTeamCountry "GUY"]
[TimeControl "40/5400+30:1800+30"]

1. e4 e6 2. d4 d5 3. Nd2 Nf6 4. Bd3 c5 5. e5 Nfd7 6. c3 Nc6 7. Ndf3 Qb6 8. Ne2 cxd4 9. cxd4 f5 10. exf6 Nxf6 11. O-O Bd6 12. a3 O-O 13. Nc3 Bd7 14. Bg5 Rac8 {[%emt 0:01:57] [#] C06: French Tarrasch: 3...Nf6 4 e5 Nfd7 5 Bd3 main lines.} (14... Qxb2 $2 15. Na4 Qxa1 16. Qxa1 $18) 15. h3 $146 ({Predecessor:} 15. Na4 Qd8 16. Rc1 Qe8 17. Nc5 Bxc5 18. Bxf6 Rxf6 19. Rxc5 b6 20. Rc3 Ne7 21. Ne5 Bb5 22. Rxc8 Nxc8 23. Bxb5 Qxb5 {1-0 (30) Malan,L (1733)-Mordetzki,A (1542) Montevideo 2018}) 15... Bb8 (15... Qxb2 $2 16. Na4 Qxa1 17. Qxa1 $18) 16. Re1 a6 (16... h6 $11 {is superior.} 17. Be3 Na5) 17. Rc1 $14 Qxb2 ({Black should try} 17... h6 $14 18. Na4 Qd8) 18. Bxf6 (18. Na4 $142 $1 Qxa3 19. Nc5) 18... Rxf6 (18... gxf6 $16 19. Na4 Qxa3) 19. Na4 $1 $18 Qxa3 {[%emt 0:01:16][%cal Of6f3] White must now prevent ...Rxf3!} 20. Nc5 Be8 21. Ra1 $1 Qc3 22. Re3 $1 Qb4 {[%emt 0:03:29] [#]} 23. Bxh7+ $1 Kxh7 $16 24. Rb3 $1 Qc4 25. Rc1 {[%emt 0:00:07] [#]} (25. Ra4 $16 Qxa4 26. Nxa4) 25... Nxd4 26. Rxc4 (26. Nxd4 $6 Rxc5 27. Rxc4 Rxc4 $11) 26... dxc4 27. Ng5+ {[%emt 0:04:45] Pair of Knights!} (27. Rxb7 $2 Nxf3+ 28. gxf3 Bc6 29. Rxb8 Rxb8 $19) 27... Kg8 {[%emt 0:00:32] [#]} (27... Kh6 $14 28. Rxb7 Be5) 28. Rc3 $1 {[%emt 0:02:22][%mdl 8192] Really sharp!} Rxc5 $17 29. Qxd4 {[%emt 0:07:23] [#]} (29. Ne4 $17 Rd5 30. Nxf6+ gxf6 31. Rxc4) 29... Rxg5 ({Black should play} 29... Rb5 $1 $19 {[%cal Rb5b1] ( -> ...Rb1+)} 30. Qd1 Bh5) 30. Qd8 $11 {[%emt 0:00:33] [#]} Kf7 31. Qxb8 $14 Bc6 32. g4 Rd5 33. Rxc4 Rd1+ 34. Kh2 g5 {[%emt 0:11:39] Against Rf4} 35. f4 gxf4 $2 (35... Rf1 $11) 36. Rxf4 $18 Rd2+ $2 (36... Rf1 {is a better defense.} 37. Rxf6+ (37. Qc7+ Kg6 $16) 37... Rxf6 38. Qc7+ Kg6) 37. Kg3 {[%emt 0:00:02] aiming for Rxf6+. White is clearly winning.} Rd3+ 38. Kh4 {[%emt 0:00:09] Rxf6+ is the strong threat.} Rxf4 39. Qxf4+ Ke7 40. g5 Bg2 41. Qf6+ (41. g6 $142 Rxh3+ 42. Kg5) 41... Kd6 42. Qd8+ {[%emt 0:00:08][%mdl 64] Skewer.  Weighted Error Value: White=0.28 (precise) /Black=0.80} 1-0

[Event "44th Chess Olympiad Open 2022"]
[Site "Chennai"]
[Date "2022.07.30"]
[Round "2.59"]
[White "Espinoza Solano, Jose Nahum"]
[Black "Lee, Ethan"]
[Result "1-0"]
[ECO "B15"]
[WhiteElo "2093"]
[BlackElo "1629"]
[Annotator "TA"]
[PlyCount "85"]
[EventDate "2022.07.29"]
[EventType "team-tourn"]
[EventCountry "IND"]
[SourceTitle "playchess.com"]
[Source "ChessBase"]
[SourceQuality "1"]
[WhiteTeam "Nicaragua"]
[BlackTeam "SGP"]
[WhiteTeamCountry "NCA"]
[TimeControl "40/5400+30:1800+30"]

1. e4 c6 2. d4 g6 3. Nc3 d5 4. e5 Bg7 5. f4 f6 6. Nf3 {[%emt 0:00:28] B15: Caro-Kann: 3 Nc3: 3...g6 and 3...dxe4 4 Nxe4 Nf6 5 Nxf6+ exf6.} Bg4 7. Be2 Bxf3 8. Bxf3 {[%emt 0:00:06] [#] White is slightly better.} fxe5 $146 ({Predecessor:} 8... Nh6 9. O-O O-O 10. Kh1 Nd7 11. Ne2 Nb6 12. Qe1 Qc7 13. Ng3 fxe5 14. fxe5 e6 15. Bxh6 Bxh6 {0-1 (61) Lagarejos Gonzalez,E (1907)-Garcia Almeida,A (1703) Spain 2020}) 9. fxe5 {[%emt 0:00:22] Black must now prevent Bg4.} Nh6 10. Bg5 Nf7 11. Be3 {[%emt 0:00:48] White is more active.} e6 12. Bg4 Qe7 13. O-O O-O 14. Ne2 Na6 (14... Nh6 $142 15. Rxf8+ Bxf8) 15. Qd2 $16 c5 16. c3 cxd4 17. cxd4 ({And not} 17. Nxd4 Nc5 $17) 17... Rac8 18. Rac1 (18. Nf4 $18 Rc6 19. Nd3) 18... Qd7 19. Nf4 Nc7 {[%emt 0:06:06] [#]} (19... Rxc1 $142 20. Rxc1 (20. Qxc1 Nc7 $16) 20... Nd8) 20. Rc2 (20. Rxc7 $142 $1 Rxc7 21. Bxe6) 20... Bh6 $2 {[%emt 0:05:06] [#]} (20... Nd8 {was called for.} 21. Rfc1 Bh6 22. Nxd5 Nxd5 23. Bxh6 Rxc2 24. Qxc2 (24. Rxc2 Re8 $16) 24... Re8) 21. Rfc1 (21. Rxc7 $1 $18 Qxc7 22. Nxe6 Bxe3+ 23. Qxe3) 21... Bxf4 22. Bxf4 Nb5 (22... Na6 {was worth a try.} 23. Rxc8 Rxc8) 23. Qb4 {[%emt 0:01:12] aiming for Rxc8.} Rxc2 24. Rxc2 Nd8 25. Bh6 $40 {[%emt 0:03:04][%csl Gh6][%cal Rb4f8][%mdl 128] White is out for blood.} Rf7 26. Bg5 {[%emt 0:00:48] Hoping for Bxd8. This bishop pair is nice.} Nc7 27. h4 Nc6 $2 (27... h5) 28. Qd2 $2 (28. Qxb7 $18 {is the precise move to win.} Nxd4 29. Qb8+ Qe8 30. Qxe8+ Nxe8 31. Rc8) 28... Nb5 29. Be3 Qe7 30. g3 Qb4 $2 {[%emt 0:01:35][%mdl 8192] [#] A mistake that costs the game.} (30... h5 $16) 31. Rxc6 $1 $18 Qxd2 32. Rc8+ {[%emt 0:00:02][%mdl 64] Zwischenzug} Rf8 33. Rxf8+ Kxf8 34. Bxd2 Nxd4 35. Be3 Nf5 36. Bxf5 exf5 37. Bxa7 {[%emt 0:00:09][%mdl 4096] Endgame KB-KP} Ke7 38. Kf2 Ke6 39. Bd4 {[%emt 0:00:02] Intending a4 and mate.} h6 40. a4 {[%emt 0:00:16][%cal Ba2a4,Ba4a5][%mdl 32] White mates.} g5 41. hxg5 hxg5 42. a5 f4 43. gxf4 {[%emt 0:00:07] Weighted Error Value: White=0.45/Black=0.77} 1-0

[Event "44th Chess Olympiad Open 2022"]
[Site "Chennai"]
[Date "2022.07.30"]
[Round "2.59"]
[White "Khan, Taffin"]
[Black "Alfaro, William"]
[Result "0-1"]
[ECO "B31"]
[WhiteElo "2019"]
[BlackElo "2155"]
[Annotator "TA"]
[PlyCount "136"]
[EventDate "2022.07.29"]
[EventType "team-tourn"]
[EventCountry "IND"]
[SourceTitle "playchess.com"]
[Source "ChessBase"]
[SourceQuality "1"]
[WhiteTeam "Guyana"]
[BlackTeam "Nicaragua"]
[WhiteTeamCountry "GUY"]
[BlackTeamCountry "NCA"]
[TimeControl "40/5400+30:1800+30"]

1. e4 c5 2. Nf3 Nc6 3. Bb5 g6 4. O-O Bg7 5. Re1 Nf6 6. c3 O-O 7. d4 d5 8. e5 Ne4 9. Nbd2 Nxd2 10. Bxd2 Qb6 11. Bxc6 bxc6 12. Qc1 {[%emt 0:00:29] B31: Sicilian: 2...Nc6 3 Bb5 g6.} (12. dxc5 $142 Qxb2 13. Qa4) 12... cxd4 $11 13. cxd4 Bg4 {[%emt 0:00:06] [#]} 14. Qc5 $146 (14. Qc3 $11 {remains equal.}) ({Predecessor:} 14. Qc3 Bxf3 15. gxf3 Rfc8 16. b4 e6 17. a3 Bf8 18. Rac1 Qb5 19. Rc2 a5 20. bxa5 c5 {½-½ (35) Zhang,D (2114)-Rakov,P (2175) Victoria 2009}) 14... Bxf3 (14... Qxb2 $2 15. Reb1 Qxa1 16. Rxa1 $18) 15. gxf3 Qxc5 16. dxc5 a5 17. b3 Rfb8 18. Rac1 e6 19. Rc2 Rb5 20. f4 Kf8 21. Re3 Rab8 22. a4 (22. Rc1 $17) 22... Rxb3 $19 23. Rxb3 Rxb3 24. Bxa5 {[%emt 0:00:01][%mdl 4096] Endgame KRB-KRB} Ra3 $2 (24... Ke8 $19 {...Bh6 is the strong threat.} 25. Bd2 Kd7) 25. Rb2 $11 Bh6 26. Rb4 g5 27. fxg5 ({Not} 27. Rb8+ Kg7 28. f5 exf5 $17) (27. Bd8 $11 {keeps the balance.} gxf4 28. Bf6) 27... Bxg5 $17 28. Kf1 Be7 29. Bb6 Rc3 (29... Ra2 $17 30. a5 h5) 30. Ba5 $2 (30. a5 $11 {and White stays safe.} Ra3 31. Ke2) 30... Rc1+ $19 ({Inferior is} 30... Rxc5 31. Rb8+ Kg7 32. Bb6) 31. Ke2 Bxc5 32. Rb8+ Kg7 33. Bd2 Rc2 34. Kd3 Ra2 35. a5 $2 (35. f4) 35... Bxf2 36. Bg5 c5 37. Bf6+ Kh6 38. Rg8 c4+ 39. Kc3 Be1+ 40. Kd4 Bxa5 41. Ke3 Bb6+ 42. Kf3 Rf2+ 43. Kg3 Rxf6 44. exf6 {[%emt 0:00:11] KR-KB} Bd4 45. Rg7 Bxf6 46. Rxf7 Kg6 47. Rd7 c3 48. Kf3 Be5 49. Ke3 Bxh2 50. Kd3 Be5 $2 (50... h5 $19 {has better winning chances.} 51. Kxc3 h4) 51. Re7 $17 h5 (51... Kf5 $17 {Hoping for ...h5.} 52. Rxh7 d4 53. Rh5+ Kf6) 52. Rxe6+ $11 Bf6 53. Re2 h4 54. Rg2+ Kf5 {[%emt 0:00:00] Strongly threatening ...h3.} 55. Rf2+ Ke6 56. Re2+ $2 {[%emt 0:00:00][%mdl 8192] [#] Now White is beyond hope.} (56. Rf1 $11) 56... Be5 $1 $19 {[%emt 0:00:00] ( -> ...h3)} 57. Rf2 h3 {[%emt 0:00:00] Black mates.} 58. Rf3 {[%emt 0:00:00] [#]} h2 $1 59. Rf1 Bg3 60. Rh1 Ke5 61. Kxc3 Ke4 62. Kd2 d4 63. Ke2 d3+ 64. Kd2 Bf4+ 65. Kc3 Ke3 66. Re1+ Kf2 67. Rh1 Ke2 68. Rb1 Be3 {[%emt 0:16:33] Weighted Error Value: White=0.62/Black=0.13 (very precise)} 0-1

[Event "44th Chess Olympiad Open 2022"]
[Site "Chennai"]
[Date "2022.07.30"]
[Round "2.59"]
[White "Neto, Roberto"]
[Black "Salazar Cabezas, Alberto Javier"]
[Result "0-1"]
[ECO "D53"]
[WhiteElo "1663"]
[BlackElo "2155"]
[Annotator "TA"]
[PlyCount "44"]
[EventDate "2022.07.29"]
[EventType "team-tourn"]
[EventCountry "IND"]
[SourceTitle "playchess.com"]
[Source "ChessBase"]
[SourceQuality "1"]
[WhiteTeam "Guyana"]
[BlackTeam "Nicaragua"]
[WhiteTeamCountry "GUY"]
[BlackTeamCountry "NCA"]
[TimeControl "40/5400+30:1800+30"]

1. d4 d5 2. c4 e6 3. Nc3 Nf6 4. Bg5 Be7 5. Nf3 O-O 6. Bxf6 Bxf6 7. e4 {[%emt 0:00:43] D53: Queen's Gambit Declined: 4 Bg5 Be7: Early deviations.} (7. e3 $11 {keeps the balance.}) 7... dxe4 $17 8. Nxe4 Be7 (8... Nc6 $17 9. Nxf6+ Qxf6) 9. Qb3 {[%emt 0:00:44] [#] The position is equal.} a5 $146 ({Predecessor:} 9... b6 10. O-O-O Nd7 11. Bd3 a5 12. a3 c6 13. h4 h6 14. g4 Qc7 15. Bc2 b5 {1-0 (40) Palek,M (2233)-Novacek,K (2058) Czech Republic 2010}) 10. O-O-O (10. a3 $11 {should be considered.}) 10... a4 $15 11. Qc2 a3 12. b3 Na6 13. h4 Nb4 $36 {[%emt 0:00:14][%mdl 2048] White is under strong pressure.} 14. Qd2 b6 15. Bd3 c5 16. dxc5 bxc5 17. Bb1 Qc7 {[%emt 0:02:04] aiming for ...f5.} 18. Qe3 {[%emt 0:07:48] [#]} f5 $1 19. Neg5 {[%emt 0:04:50] This move loses the game for White.} (19. Nc3 $17) 19... Bf6 $19 20. Rd2 e5 {[%emt 0:03:03][%cal Be6e5,Be5e4][%mdl 32] Hoping for ...e4.} 21. Kd1 Ra6 {[%emt 0:04:48] ...e4 is the strong threat.} 22. Ke2 (22. Ne1 $142 e4 23. g3) 22... e4 {[%emt 0:01:38] Weighted Error Value: White=0.58/Black=0.11 (very precise)} 0-1

[Event "44th Chess Olympiad Open 2022"]
[Site "Chennai"]
[Date "2022.07.30"]
[Round "2.60"]
[White "Thing, Bibek"]
[Black "Muhammed, Shuaau"]
[Result "1-0"]
[ECO "C55"]
[WhiteElo "2260"]
[BlackElo "1987"]
[Annotator "TA"]
[PlyCount "91"]
[EventDate "2022.07.29"]
[EventType "team-tourn"]
[EventCountry "IND"]
[SourceTitle "playchess.com"]
[Source "ChessBase"]
[SourceQuality "1"]
[WhiteTeam "Nepal"]
[BlackTeam "Maldives"]
[WhiteTeamCountry "NEP"]
[BlackTeamCountry "MDV"]
[TimeControl "40/5400+30:1800+30"]

1. e4 e5 2. Nf3 Nc6 3. Bc4 Nf6 4. d3 Be7 5. O-O O-O 6. a4 d5 7. exd5 Nxd5 8. Re1 $1 {[%emt 0:00:20] 8.Re1 is better than 8.h3. C55: Two Knights: 4 d3, 4 d4 exd4 5 e5 and Max Lange Attack.} Nb6 9. Bb5 f6 10. a5 {[%emt 0:01:24] White is slightly better.} Nd5 11. a6 {[%emt 0:01:10] [#]} Kh8 $146 (11... Nb6 $1 $11) ({Predecessor:} 11... Qd6 12. Nbd2 bxa6 13. Ne4 Qe6 14. Bc4 Kh8 15. Nc3 Nxc3 16. bxc3 Qg4 17. h3 Qh5 18. Bxa6 {1-0 (24) Nozdrachev,L (2370)-Sarkar,J (2321) Chess.com INT 2021}) 12. d4 exd4 13. Nxd4 Nxd4 14. Qxd4 bxa6 $1 15. Bd3 Bb7 16. Bd2 {[%emt 0:02:56][%mdl 1024] White has compensation.} f5 17. Qc4 c5 18. Ba5 Qd6 19. Nc3 Bf6 20. Bf1 Bd4 {[%emt 0:05:39] [#] aiming for ...Nf6.} 21. Nxd5 Bxd5 22. Qe2 ({Wrong is} 22. Bc7 $2 Qd7 23. Qe2 Qxc7 $19) 22... f4 {[%emt 0:03:11] White must now prevent ...f3.} (22... Bxb2 $2 23. Rad1 $18) (22... Rf6 $5 23. Bd2 Bxb2 24. Rxa6 Qxa6 25. Qxa6 Rxa6 26. Bxa6 Bd4 $15) 23. Qxa6 (23. Qd3 {with more complications.} f3 24. g3 Qh6 25. Qd2) 23... Qxa6 24. Bxa6 Bxb2 25. Rad1 Bg8 26. Re7 Rfe8 27. Rc7 Re5 28. h3 c4 29. Bb4 Re2 (29... Rae8 $11 {is superior.}) 30. c3 $14 h6 {[%emt 0:00:47] White now steadily converts the win.} 31. Rdd7 {[%emt 0:00:50] White is more active.} f3 32. gxf3 Re6 (32... Re1+ $16 {keeps fighting.} 33. Kh2 Bc1) 33. Bb7 $18 ({Weaker is} 33. Bxc4 Re1+ 34. Kh2 Bxc4 35. Rxc4 a5 $11) 33... Rg6+ 34. Kf1 Re8 (34... Rb8 $142) 35. Be4 Rg5 (35... Rge6 36. Rxa7 Bc1 37. Rxg7 Bg5 38. Rxg8+ Kxg8) 36. h4 Rge5 37. Rxg7 a5 {[%emt 0:00:03] [#]} 38. Rg6 $1 R5e6 39. Rxe6 Rxe6 40. Bxa5 Ra6 41. Bb4 Ra1+ 42. Ke2 Rh1 $2 (42... Ra2) 43. Rb7 {[%emt 0:00:00] White is clearly winning.} Ba1 44. Kd2 {[%emt 0:00:00] Strongly threatening Bc5.} Bb2 45. Bc5 Bc1+ 46. Kc2 {[%emt 0:00:00] Weighted Error Value: White=0.11 (very precise) /Black=0.32} 1-0

[Event "44th Chess Olympiad Open 2022"]
[Site "Chennai"]
[Date "2022.07.30"]
[Round "2.60"]
[White "Bhandari, Kshitiz"]
[Black "Fuad, Ahmed Mufleh"]
[Result "1-0"]
[ECO "A06"]
[WhiteElo "2071"]
[BlackElo "2086"]
[Annotator "TA"]
[PlyCount "58"]
[EventDate "2022.07.29"]
[EventType "team-tourn"]
[EventCountry "IND"]
[SourceTitle "playchess.com"]
[Source "ChessBase"]
[SourceQuality "1"]
[WhiteTeam "Nepal"]
[BlackTeam "Yemen"]
[WhiteTeamCountry "NEP"]
[BlackTeamCountry "YEM"]
[TimeControl "40/5400+30:1800+30"]

1. Nf3 d5 2. b3 Bg4 3. Bb2 Bxf3 4. exf3 Nd7 5. f4 Ngf6 6. g3 {[%emt 0:00:06] A06: Réti Opening: 1 Nf3 d5.} e6 7. Bg2 Bd6 {[%emt 0:04:29] 7...g6 is vanishing.} 8. O-O {[%emt 0:02:00] White is slightly better.} O-O 9. Re1 c6 10. d4 {[%emt 0:00:38] [#]} Qc7 $146 ({Predecessor:} 10... b5 11. Nd2 b4 12. Nf3 Qb6 13. Ne5 Rfd8 14. g4 g6 15. f5 exf5 16. gxf5 Nh5 {0-1 (38) Bromann,T (2378)-Brinck Claussen,B (2260) Denmark 2013}) 11. Nd2 Bxf4 $2 {[%emt 0:05:23] [#]} 12. gxf4 $18 Qxf4 13. Nf1 Ne4 14. f3 Ng5 15. Bc1 Qh4 16. Bxg5 Qxg5 17. Qc1 Qh4 18. f4 g5 (18... Nf6 $16) 19. fxg5 {[%emt 0:08:50] Hoping for Qe3.} Qxd4+ 20. Qe3 Qg7 (20... Qxe3+ $142 21. Rxe3 a5) 21. Ng3 d4 (21... Rad8 $142 22. Rad1 Rde8 23. Qxa7 Qxg5 24. Qxb7 Nf6) 22. Qd2 Rae8 23. Rad1 e5 (23... Rd8 {was necessary.} 24. Kh1 a6 25. Qxd4 Qxd4 26. Rxd4 Nc5) 24. Bh3 Re7 25. Bxd7 Rxd7 26. Nh5 Re8 27. Nxg7 Kxg7 28. Qf2 {[%emt 0:00:01][%cal Oe1e5] White threatens Rxe5! and mate.} Re6 {[%emt 0:00:26] [#]} 29. Rxe5 $3 Kf8 {[%emt 0:00:36] Black got outplayed after the opening.  Weighted Error Value: White=0.09 (flawless) /Black=0.86} (29... Rxe5 30. Qf6+) 1-0

[Event "44th Chess Olympiad Open 2022"]
[Site "Chennai"]
[Date "2022.07.30"]
[Round "2.60"]
[White "Ashraf, Ahmed Ramadan"]
[Black "Lama, Milan"]
[Result "0-1"]
[ECO "B27"]
[WhiteElo "1916"]
[BlackElo "2024"]
[Annotator "TA"]
[PlyCount "83"]
[EventDate "2022.07.29"]
[EventType "team-tourn"]
[EventCountry "IND"]
[SourceTitle "playchess.com"]
[Source "ChessBase"]
[SourceQuality "1"]
[WhiteTeam "Egypt"]
[BlackTeam "Nepal"]
[WhiteTeamCountry "EGY"]
[BlackTeamCountry "NEP"]
[TimeControl "40/5400+30:1800+30"]

1. e4 c5 2. Nf3 g6 3. c3 Bg7 4. d4 cxd4 5. cxd4 d5 6. e5 Nc6 7. Nc3 Bg4 8. Be2 Bxf3 9. Bxf3 e6 10. O-O {[%emt 0:00:03] The main line 10.0-0 scores better than 10.Be3. B27: Sicilian: 2 Nf3, unusual Black 2nd moves.} Nh6 11. Bxh6 Bxh6 12. Na4 {[%emt 0:00:30] [#] Against Qb6. The position is equal.} O-O $146 ({Predecessor:} 12... Qh4 13. Bg4 O-O 14. g3 Qe7 15. a3 b5 16. Nc3 Rfb8 17. Be2 a6 18. Qd3 Qa7 {½-½ (45) Martinez,A (2181)-Epstein,E (2224) Istanbul 2000}) 13. a3 Qh4 14. Bg4 Rac8 15. g3 Qe7 16. b4 b6 17. f4 f5 $36 {[%emt 0:06:16][%mdl 2048] Black has the initiative.} 18. exf6 (18. Be2 $11) 18... Qxf6 $17 19. Re1 (19. Rc1 $17 {is a better defense.}) 19... Nxd4 $19 20. Re5 {[%emt 0:05:58] [#]} (20. Kh1) 20... Nf5 $2 (20... Bxf4 $1 $19 {[%mdl 512] has better winning chances.} 21. Rxe6 (21. gxf4 Qxf4) 21... Nxe6 22. gxf4 Rc4) 21. Qe1 (21. Qe2 $17 {was necessary.}) 21... Rfe8 22. Nc3 (22. Bxf5 $17 gxf5 23. Re2) 22... Qf7 23. Nb5 Qd7 ({Weaker is} 23... Bg7 24. Bxf5 Bxe5 25. Bxg6 Bd4+ 26. Nxd4 Qxg6 27. Rd1 $19) 24. Bxf5 gxf5 ({Not} 24... exf5 25. Nd6 Bg7 26. Rxe8+ $15) 25. Nd4 Bg7 26. b5 Bxe5 27. Qxe5 Qc7 {[%emt 0:01:43] White must now prevent ...Qxe5.} 28. Qf6 (28. Qe2 $142) 28... Qg7 {[%emt 0:01:08] Black is clearly winning.} 29. Qxg7+ Kxg7 {[%emt 0:00:05][%mdl 4096] Endgame KRR-KRN} 30. Nc6 a6 31. a4 axb5 32. axb5 Ra8 33. Ra6 Rxa6 34. bxa6 {[%emt 0:00:50] KR-KN} Ra8 35. Nb4 (35. a7 $142) 35... Kf7 36. Kf2 Ke7 37. Ke3 Kd6 {[%emt 0:00:05] Hoping for ...Kc5.} 38. Kd4 Rc8 {[%emt 0:00:49] [#] ...Rc4+ is the strong threat.} 39. Ke3 Rc4 40. a7 Rc8 41. h3 Ra8 42. Kd4 {[%emt 0:07:50] Weighted Error Value: White=0.77/Black=0.30} 0-1